AoeStats
← Arribia2

Oasis

507181744Analyzed
4v4 RM · 14d ago on Sep 17, 2026· 46m 26s· 8 players
Game mode
Random Map
Map size
Large (8 player)
Population
200
Speed
Normal
Resources
Standard
Victory
Conquest
Starting age
Dark Age
Ending age
Imperial Age
RankedLock teamsTeams togetherTeam positionsShared explorationLock speedFull tech treeHidden civsTurbo modeCheats
Victory
Defeat
🇺🇸 Cumans · United States
1395
+10
🇨🇴 Huns · Colombia
1237
+16
🇦🇷 Khmer · Argentina
1223
+17
🇦🇷 Persians · Argentina
1207
+18
🇦🇷 Magyars · Argentina
1403
-21
1231
-15
🇦🇷 Ethiopians · Argentina
1222
-14
🇪🇨 Franks · Ecuador
1142
-11
Thorin Escudo de Roble
7:53 Loom
10:06 Feudal Age
18:15 Double-Bit Axe
18:14 Horse Collar
25:59 Castle Age
24:39 Fletching
24:49 Padded Archer Armor
25:56 Scale Mail Armor
26:07 Forging
31:05 Arson
31:21 Squires
31:51 Chain Mail Armor
37:05 Iron Casting
44:17 Wheelbarrow
45:10 Elite Skirmisher
48:34 Imperial Age
46:24 Bodkin Arrow
46:44 Leather Archer Armor
Nelware1
10:03 Feudal Age
8:56 Loom
10:56 Double-Bit Axe
19:08 Castle Age
19:07 Scale Barding Armor
24:00 Wheelbarrow
33:03 Gold Mining
34:45 Fletching
35:08 Forging
39:56 Chain Barding Armor
41:57 Iron Casting
Hao_Arg
5:57 Loom
9:05 Feudal Age
8:46 Loom
9:43 Double-Bit Axe
10:18 Horse Collar
16:19 Scale Barding Armor
20:48 Bloodlines
24:44 Castle Age
24:15 Gold Mining
25:01 Light Cavalry
25:43 Husbandry
26:04 Chain Barding Armor
26:31 Bow Saw
26:52 Heavy Plow
35:19 Wheelbarrow
Lechugamer
6:12 Loom
9:03 Feudal Age
14:24 Town Watch
15:20 Fletching
18:34 Double-Bit Axe
25:41 Castle Age
26:54 Thumb Ring
26:36 Crossbowman
27:29 Bodkin Arrow
27:42 Crossbowman
28:26 Padded Archer Armor
Arribia2
6:30 Loom
9:38 Feudal Age
10:15 Double-Bit Axe
15:59 Fletching
25:16 Castle Age
24:23 Gold Mining
25:44 Crossbowman
28:51 Wheelbarrow
33:34 Gold Shaft Mining
32:51 Stone Mining
32:42 Horse Collar
33:12 Bow Saw
33:05 Bodkin Arrow
37:50 Heavy Plow
40:44 Imperial Age
38:32 Hand Cart
38:50 Bloodlines
38:58 Forging
38:53 Scale Barding Armor
41:21 Thumb Ring
41:29 Padded Archer Armor
42:04 Iron Casting
41:53 Chain Barding Armor
41:10 Elite Steppe Lancer
42:12 Chain Barding Armor
43:34 Ballistics
44:14 Chemistry
43:54 Plate Barding Armor
43:56 Iron Casting
46:20 Two-Man Saw
45:51 Crop Rotation
47:21 Blast Furnace
45:50 Heavy Cavalry Archer
46:55 Parthian Tactics
46:32 Padded Archer Armor
christianperalta141
9:08 Feudal Age
7:25 Loom
13:30 Double-Bit Axe
22:17 Castle Age
22:26 Wheelbarrow
22:51 Bloodlines
23:24 Bow Saw
29:18 Horse Collar
29:37 Gold Mining
35:54 Light Cavalry
36:34 Husbandry
37:33 Scale Barding Armor
37:50 Forging
39:08 Chain Barding Armor
42:39 Iron Casting
43:25 Hand Cart
44:17 Fletching
[BoB] Leeport
7:00 Loom
9:45 Feudal Age
10:47 Double-Bit Axe
10:43 Horse Collar
12:31 Wheelbarrow
19:18 Castle Age
18:19 Gold Mining
18:41 Forging
18:38 Scale Barding Armor
19:01 Bloodlines
20:09 Bow Saw
20:42 Heavy Plow
25:05 Husbandry
26:08 Fletching
27:10 Gold Shaft Mining
26:25 Stone Mining
32:03 Chain Barding Armor
37:56 Iron Casting
45:27 Town Watch
45:58 Hand Cart
48:30 Imperial Age
LucasViola27
9:57 Feudal Age
10:37 Double-Bit Axe
10:56 Horse Collar
14:26 Loom
21:08 Castle Age
20:12 Bloodlines
20:55 Wheelbarrow
21:24 Scale Barding Armor
21:43 Husbandry
23:04 Chain Barding Armor
22:54 Forging
23:27 Bow Saw
26:06 Iron Casting
32:04 Heavy Plow
Connection lost

Rejoining the realm…

Still unreachable

The connection could not be restored.

Session expired

The server has moved on; the page needs a fresh start.